AoeStats
← Noder Neder WAKANDA

MegaRandom

510133971Analyzed
2v2 RM · 2d ago on Sep 29, 2026· 68m 20s· 4 players
Game mode
Random Map
Map size
Medium (4 player)
Population
200
Speed
Normal
Resources
Standard
Victory
Conquest
Starting age
Dark Age
Ending age
Imperial Age
RankedLock teamsTeams togetherTeam positionsShared explorationLock speedFull tech treeHidden civsTurbo modeCheats
Victory
Defeat
🇵🇹 Cumans · Portugal
980
+17
🇮🇱 Ethiopians · Israel
944
+19
🇺🇸 Koreans · United States
1047
-19
🇨🇭 Danes · Switzerland
974
-17
joia-numerica6
7:12 Loom
11:20 Feudal Age
15:55 Double-Bit Axe
17:49 Forging
20:29 Scale Barding Armor
26:36 Castle Age
25:30 Wheelbarrow
25:35 Gold Mining
25:29 Horse Collar
28:06 Stone Mining
29:59 Chain Barding Armor
33:47 Bloodlines
39:57 Fletching
41:10 Bodkin Arrow
41:29 Padded Archer Armor
47:04 Imperial Age
45:27 Heavy Plow
45:49 Bow Saw
47:39 Thumb Ring
47:53 Leather Archer Armor
48:07 Steppe Husbandry
48:47 Parthian Tactics
48:10 Elite Kipchak
50:26 Chemistry
51:03 Ballistics
51:54 Conscription
54:14 Ring Archer Armor
54:20 Plate Barding Armor
55:59 Gold Shaft Mining
55:45 Hand Cart
55:03 Elite Steppe Lancer
57:01 Iron Casting
62:42 Cuman Mercenaries
64:09 Blast Furnace
Noder Neder WAKANDA
11:14 Feudal Age
16:53 Castle Age
16:16 Double-Bit Axe
18:24 Bow Saw
20:26 Scale Barding Armor
20:31 Forging
20:12 Fletching
20:23 Padded Archer Armor
27:04 Gold Mining
27:04 Stone Mining
27:28 Squires
27:14 Arson
29:29 Husbandry
30:42 Masonry
31:38 Wheelbarrow
30:49 Town Watch
30:49 Loom
33:13 Hand Cart
32:59 Town Patrol
33:43 Chain Barding Armor
33:23 Scale Mail Armor
36:09 Iron Casting
35:31 Light Cavalry
36:32 Elite Skirmisher
37:42 Ballistics
37:12 Heated Shot
41:04 Bodkin Arrow
41:24 Leather Archer Armor
41:10 Scale Mail Armor
44:31 Imperial Age
44:34 Chain Mail Armor
45:06 Hussar
45:06 Cavalier
45:07 Heavy Camel Rider
45:13 Halberdier
48:45 Blast Furnace
48:16 Plate Mail Armor
49:44 Two-Man Saw
57:17 Conscription
58:43 Bracer
59:14 Ring Archer Armor
61:51 Heavy Scorpion
AoeAuthority.com
8:12 Loom
10:43 Feudal Age
15:44 Double-Bit Axe
16:38 Fletching
18:36 Horse Collar
22:52 Castle Age
21:49 Gold Mining
24:39 Bow Saw
25:04 Bodkin Arrow
24:55 Crossbowman
26:42 Ballistics
29:25 Thumb Ring
30:16 Pikeman
32:28 Scale Mail Armor
33:52 Stone Mining
34:52 Wheelbarrow
38:13 Imperial Age
36:20 Chain Mail Armor
41:06 Hand Cart
42:34 Chemistry
42:26 Town Watch
43:03 Arbalester
43:42 Elite War Wagon
45:20 Town Patrol
47:02 Halberdier
54:33 Squires
54:19 Arson
56:48 Plate Mail Armor
56:28 Forging
58:51 Bracer
59:51 Elite Skirmisher
Meninkain
5:36 Loom
9:58 Feudal Age
10:07 Man-at-Arms
11:53 Arson
20:10 Double-Bit Axe
22:33 Horse Collar
23:35 Wheelbarrow
25:54 Castle Age
24:09 Forging
23:59 Scale Mail Armor
24:34 Gold Mining
24:34 Stone Mining
24:47 Scale Mail Armor
27:26 Squires
27:12 Gambesons
27:54 Bow Saw
27:45 Heavy Plow
28:24 Iron Casting
28:04 Chain Mail Armor
28:19 Chain Mail Armor
31:46 Fervor
32:33 Pikeman
34:19 Sanctity
40:48 Gold Shaft Mining
40:49 Stone Shaft Mining
43:45 Imperial Age
44:14 Elite Varangian Guard
46:26 Blast Furnace
45:56 Plate Mail Armor
49:40 Plate Mail Armor
49:15 Scale Barding Armor
49:49 Conscription
50:51 Hand Cart
50:22 Town Watch
53:03 Chain Barding Armor
52:38 Fletching
52:48 Padded Archer Armor
52:53 Capped Ram
52:57 Onager
53:52 Bodkin Arrow
56:23 Town Patrol
61:10 Bracer
61:10 Padded Archer Armor
61:14 Elite Skirmisher
62:21 Elite Jomsviking
63:37 Hoardings
63:39 Ballistics
65:11 Leather Archer Armor
Connection lost

Rejoining the realm…

Still unreachable

The connection could not be restored.

Session expired

The server has moved on; the page needs a fresh start.